 Dungeon Crawl Stone Soup version 0.30.1-11-g7821555f0a (webtiles) character file.

Game seed: 8128356785932014509

5015 grzelo the Fighter (level 10, -4/65 HPs)
             Began as a Minotaur Berserker on Nov 25, 2023.
             Was a Priest of Trog.
             Killed from afar by a wretched star (24 damage)
             ... with a lance of force
             ... on level 1 of the Abyss.
             The game lasted 00:48:47 (8372 turns).

grzelo the Fighter (Minotaur Berserker)             Turns: 8372, Time: 00:48:48

Health: -4/65      AC: 12    Str: 19 (22) XL:     10   Next: 30%
Magic:  6/6        EV:  5    Int: -5 (0)  God:    Trog [***...]
Gold:   491        SH: 16    Dex:  6 (8)  Spells: 9/9 levels left

rFire   x x .        m - +0 broad axe
rCold   . . .        h - +2 kite shield
rNeg    . . .        r - +3 plate armour "Vaehunn" {Str+2}
rPois   .            (helmet restricted)
rElec   .            (no cloak)
rCorr   .            e - +0 pair of gloves
SInv    .            (no boots)
Will    ++...        F - amulet of reflection Stlth
                     (no ring)
HPRegen 1.00/turn    (no ring)
MPRegen 0.10/turn

%: random rage (9%), reflection
@: strong-willed (expiring), on berserk cooldown, regenerating (expiring),
slowed, lost intelligence, unable to read, unable to drink, very slow
A: horns 2, retaliatory headbutt, [berserk 2], [clumsy 2], [deformed body],
[deterioration 2], [dopey 2], [frail 3], [low MP 3], [screaming 2], [inhibited
regeneration], ([teleportitis 2]), [weak 2], [heat vulnerability 2], [subdued
magic 2], [inability to drink after injury 2], [inability to read after injury
2]
a: Renounce Religion, Berserk, Trog's Hand


You were on level 1 of the Abyss.
You worshipped Trog.
Trog was most pleased with you.
You visited 1 branch of the dungeon, and saw 9 of its levels.
You visited the Abyss 1 time.

You collected 551 gold pieces.
You spent 60 gold pieces at shops.

Inventory:

Hand Weapons
 m - a +0 broad axe (weapon)
 n - the +7 Throatcutter {drain, coup de grace}
   (You found it on level 7 of the Dungeon)
 I - a +0 war axe
Missiles
 a - a throwing net
 g - 17 poisoned darts
 x - 4 datura-tipped darts (quivered)
Armour
 e - a +0 pair of gloves (worn)
 h - a +2 kite shield (worn)
 r - the +3 plate armour "Vaehunn" (worn) {Str+2}
   (You found it on level 8 of the Dungeon)

   Str:       It affects your strength (+2).
 u - an orb of mayhem
 G - a +0 chain mail
Jewellery
 C - an amulet of magic regeneration
 F - an amulet of reflection (around neck)
 L - a +6 ring of intelligence
Wands
 J - a wand of paralysis (7)
Scrolls
 b - a scroll of poison {unknown}
 f - 2 scrolls of immolation
 i - 2 scrolls of fear
 k - a scroll of acquirement {unknown}
 l - 4 scrolls of identify
 z - 7 scrolls of teleportation
 E - 2 scrolls of blinking
Potions
 c - 2 potions of flight {unknown}
 d - 4 potions of heal wounds
 j - 2 potions of haste
 o - a potion of lignification {unknown}
 p - 4 potions of degeneration
 q - 2 potions of mutation {unknown}
 t - a potion of magic {unknown}
 w - 3 potions of cancellation {unknown}
 A - a potion of curing {unknown}
 B - 2 potions of resistance
 D - 2 potions of attraction {unknown}
 H - a potion of brilliance {unknown}
 K - a potion of might {unknown}


   Skills:
 + Level 10.2 Fighting
 + Level 7.4 Long Blades
 - Level 9.0 Axes
 - Level 7.7 Armour
 - Level 2.1 Dodging
 + Level 8.0 Shields


You had 9 spell levels left.
You didn't know any spells.
Your spell library contained the following spells:

 Spells                   Type           Power      Damage    Failure   Level
 Static Discharge         Conj/Air       0%         2-2/arc   100%        2
 Call Canine Familiar     Summ           0%         N/A       100%        3
 Portal Projectile        Hex/Tloc       0%         N/A       100%        3
 Leda's Liquefaction      Hex/Erth       0%         N/A       100%        4
 Conjure Ball Lightning   Conj/Air       0%         3x3d6     100%        6
 Discord                  Hex            0%         N/A       100%        8
 Disjunction              Tloc           0%         N/A       100%        8
 Chain Lightning          Conj/Air       0%         N/A       100%        9


Dungeon Overview and Level Annotations

Branches:
Dungeon (9/15)             Temple (0/1) D:5
   Lair: D:8-11         Orc: D:9-12

Altars:
Dithmenos
Makhleb
Uskayaw
Yredelemnul

Shops:
D:2 !

Annotations:
D:9 Erolcha


Innate Abilities, Weirdness & Mutations

You have a pair of horns on your head.
You reflexively headbutt those who attack you in melee.
[You have an uncontrollable temper.]
[You are very clumsy. (Dex -4)]
[Armour fits poorly on your strangely shaped body.]
[Your body often deteriorates upon taking damage.]
[You are very dopey. (Int -4)]
[You are extremely frail. (-30% HP)]
[Your magical capacity is extremely low. (-30% MP)]
[You frequently scream uncontrollably at your foes.]
[You do not regenerate when monsters are visible.]
[((You are often teleported next to monsters.))]
[You are very weak. (Str -4)]
[You are very vulnerable to heat. (rF--)]
[Your spells are easier to cast, but less powerful.]
[You sometimes lose the ability to drink potions when taking damage.]
[You sometimes lose the ability to read scrolls when taking damage.]


Message History

It was a potion of degeneration.
There was something very wrong with that liquid.
You feel weakened.
You feel dopey.
You feel clumsy.
The ufetubus shouts!
You block the fire bat's attack.
The wretched star pulses with an eldritch light!
You feel vulnerable to heat. x2
You cannot read scrolls in your current state!
You feel much better. The fire bat bites you.
You are engulfed in flames!
The fire burns you terribly!
Your body deteriorates!
You feel dopey.
The wretched star pulses with an eldritch light!
You feel weirdly uncertain.
You feel even more weirdly uncertain.
Okay, then.
Your skin crawls.
You feel strong-willed.
The fire bat bites you but does no damage.
A fire bat comes into view.
You scream at the fire bat!
The wretched star pulses with an eldritch light!
Your body twists and deforms.
You occasionally lose the ability to drink potions when taking damage.
You lose the ability to drink potions when taking damage more often.
A large abomination comes into view.
You block the ufetubus's attack. x2
You closely miss the wretched star.
The wretched star is severely damaged.
You barely miss the ufetubus. You closely miss the fire bat.
You feel the effects of Trog's Hand fading.
The fire bat bites you.
You are engulfed in flames!
The fire burns you terribly!
You feel threatened and lose the ability to drink potions!
You block the fire bat's attack.
The fire bat bites you but does no damage.
The ufetubus hits you. You block the ufetubus's attack.
A fire bat comes into view.
You block the fire bat's attack.
The wretched star glows turbulently.
The lance of force hits you!!
You die...

..# ### .. b ..
#. #. ##. #.##
.#..# # .# ##
#....##..### .#
##b..#.#..##.##
##
#..bb.#.....##
..## #
#@*.....## . ...
#...5##...##..##
###
#......#...###
#..#...###.###
.....#. #.
##.#.# ##. .. #
. .X #. .


You could see a wretched star, a large abomination, 4 fire bats and an ufetubus.

Vanquished Creatures
  2 two-headed ogres (D:8)
  Maurice (D:9)
  Sigmund (D:2)
  9 yaks (D:8)
  A wyvern (D:8)
  3 steam dragons
  Duvessa (D:5)
  An orc warrior (D:8)
  2 small abominations (Abyss:1)
  2 ice beasts (D:7)
  2 centaurs
  A scorpion (D:5)
  Dowan (D:5)
  2 jellies
  3 howler monkeys
  2 hounds
  3 orc priests (D:8)
  3 iguanas
  A sleepcap (D:5)
  2 orc wizards
  12 adders
  3 gnolls (D:6)
  2 shadow imps
  A white imp (D:7)
  4 ufetubi
  5 dart slugs
  19 orcs
  5 bats
  5 endoplasms
  A giant cockroach (D:1)
  6 goblins
  5 hobgoblins
  7 jackals
  A quokka (D:1)
  7 ball pythons
  6 frilled lizards
  11 kobolds
  11 rats
154 creatures vanquished.

Notes
Turn   | Place    | Note
-------+----------+-------------------------------------------
     0 | D:1      | grzelo the Minotaur Berserker began the quest for the Orb.
     0 | D:1      | Reached XP level 1. HP: 19/19 MP: 0/0
   380 | D:1      | Reached XP level 2. HP: 22/27 MP: 1/1
   473 | D:1      | Reached skill level 4 in Fighting
   561 | D:1      | Got the Volume of Gases
   730 | D:1      | Found a faded altar of an unknown god.
   996 | D:2      | Found Gaeto's Distillery.
  1315 | D:2      | Reached XP level 3. HP: 24/33 MP: 2/2
  1379 | D:2      | Reached ** piety under Trog
  1523 | D:2      | Bought a potion of heal wounds for 60 gold pieces
  1695 | D:2      | Noticed Sigmund
  1716 | D:2      | Killed Sigmund
  1717 | D:2      | Reached skill level 5 in Fighting
  1717 | D:2      | Reached XP level 4. HP: 28/42 MP: 3/3
  1717 | D:2      | Reached XP level 5. HP: 32/48 MP: 4/4
  2252 | D:3      | Found a burning altar of Makhleb.
  2540 | D:4      | Reached XP level 6. HP: 56/56 MP: 5/5
  2869 | D:4      | Reached *** piety under Trog
  3630 | D:5      | Entered Level 5 of the Dungeon
  3670 | D:5      | Noticed Duvessa
  3683 | D:5      | Noticed Dowan
  3685 | D:5      | Killed Duvessa
  3686 | D:5      | Reached skill level 5 in Armour
  3686 | D:5      | Reached XP level 7. HP: 61/61 MP: 6/6
  3689 | D:5      | Killed Dowan
  4317 | D:5      | Found a staircase to the Ecumenical Temple.
  4346 | D:5      | Found a hide-covered altar of Uskayaw.
  4387 | D:5      | Found a basalt altar of Yredelemnul.
  4553 | D:6      | Noticed a steam dragon
  4570 | D:6      | Killed a steam dragon
  4571 | D:6      | Reached skill level 6 in Fighting
  4571 | D:6      | Reached XP level 8. HP: 70/70 MP: 7/7
  5538 | D:7      | Reached skill level 1 in Shields
  6040 | D:7      | Found a shadowy altar of Dithmenos.
  6064 | D:7      | Found the +7 Throatcutter {drain, coup de grace}
  6282 | D:8      | Noticed a two-headed ogre
  6291 | D:8      | Killed a two-headed ogre
  6292 | D:8      | Reached skill level 7 in Fighting
  6292 | D:8      | Reached XP level 9. HP: 44/81 MP: 8/8
  6586 | D:8      | Reached skill level 8 in Fighting
  6861 | D:8      | Reached skill level 5 in Shields
  7108 | D:8      | Identified the +3 plate armour "Vaehunn" {Str+2}
  7212 | D:8      | Noticed a two-headed ogre
  7217 | D:8      | Reached skill level 5 in Long Blades
  7223 | D:8      | Reached skill level 9 in Fighting
  7235 | D:8      | Killed a two-headed ogre
  7236 | D:8      | Reached XP level 10. HP: 47/93 MP: 9/9
  7707 | D:8      | Reached skill level 10 in Fighting
  8091 | D:9      | Noticed Maurice
  8099 | D:9      | Noticed Erolcha
  8124 | D:9      | Killed Maurice
  8127 | Abyss:1  | Cast into level 1 of the Abyss (Erolcha)
  8334 | Abyss:1  | Noticed a wretched star
  8364 | Abyss:1  | Lost intelligence.
  8372 | Abyss:1  | Killed from afar by a wretched star

Illustrated notes

Levels and vault maps discovered:
D:1:      dpeg_arrival_orchard, layout_basic, shapermc_ecumenical_altar_pompeii
D:2:      layout_basic, serial_shops, nicolae_shop_hallway_plus,
          lexackson_kobold_supper, uniq_sigmund
D:3:      layout_basic, old_standard_altar, glass_columns_a,
          minmay_shallow_snake_nest
D:4:      layout_basic, chequers_serial_rivers_micro_a, serial_park_tiny_2
D:5:      layout_rooms, kennysheep_little_box, eat_drink_and_be_merry_uskayaw,
          minmay_temple_entry_overgrown, corexii_item_surrounded_by_moat,
          uniq_duvessa
D:6:      layout_loops_cross
D:7:      layout_loops_ring, mainiacjoe_overflow_boulevard
D:8:      layout_layer_cave
D:9:      layout_loops_ring, lemuel_round_altar,
          mainiacjoe_overflow_small_starburst, nzn_wu_jian_contemplation,
          david_lair_generic, grunt_decor_one_mirror, uniq_maggie, uniq_erolcha,
          uniq_erica, uniq_maurice
Abyss:1:  base:
D:9

Skill      XL: |  1  2  3  4  5  6  7  8  9 10 |
---------------+-------------------------------+-----
Axes           | 4 6 7 8 9 |  9.0
Fighting       | 4 5 6 7 9 10 | 10.2
Armour         | 3 4 5 6 7 |  7.7
Shields        | 4 7 8 |  8.0
Long Blades    | 3 6 7 |  7.4
Dodging        | |  2.1

Action                     |  1- 3 |  4- 6 |  7- 9 | 10-12 || total
---------------------------+-------+-------+-------+-------++-------
  Melee: Hand axe          |    83 |   100 |       |       ||   183
         Headbutt          |    13 |    19 |    27 |    10 ||    69
         War axe           |       |    13 |    87 |       ||   100
         Punch             |       |     1 |     2 |       ||     3
         Broad axe         |       |       |    10 |    17 ||    27
         Long sword        |       |       |    50 |    15 ||    65
 Invoke: Berserk           |     2 |     1 |     6 |     2 ||    11
         Trog's Hand       |       |       |     1 |     2 ||     3
    Use: Scroll            |       |       |     7 |       ||     7
         Potion            |       |       |       |     3 ||     3
 Armour: Animal skin       |    19 |     1 |       |       ||    20
         Scale mail        |       |    18 |       |       ||    18
         Chain mail        |       |    35 |    68 |       ||   103
         Plate armour      |       |       |    12 |     8 ||    20
  Dodge: Dodged            |    47 |    48 |    56 |     4 ||   155
  Block: Other             |       |       |    13 |       ||    13
         Kite shield       |       |       |    52 |    22 ||    74
         Reflection        |       |       |     5 |     2 ||     7
